 Dungeon Crawl Stone Soup version 0.15.0-31-geb66e34 (webtiles) character file.

7 Bloax the Ducker (level 2, -1/15 HPs)
             Began as a Tengu Earth Elementalist on Sept 14, 2014.
             Slain by a hobgoblin (4 damage)
             ... on Level 1 of the Dungeon.
             The game lasted 00:00:38 (436 turns).

Bloax the Ducker (Tengu Earth Elementalist)          Turns: 436, Time: 00:00:38

HP  -1/15        AC  2     Str  8      XL: 2   Next:  4%
MP   4/5         EV 12     Int 15      God:
Gold 12          SH  0     Dex 14      Spells:  1 memorised,  4 levels left

rFire  . . .     SeeInvis .     b - 40 stones
rCold  . . .     Clarity  .     c - +0 robe
rNeg   . . .     rCorr    .     (no shield)
rPois  .         rRot     .     (helmet restricted)
rElec  .         Spirit   .     (no cloak)
SustAb .         Warding  .     (no gloves)
rMut   .         Stasis   .     (boots unavailable)
Gourm  .                        (no amulet)
MR     .....                    (no ring)
                                (no ring)

@: not resistant to hostile enchantments, unstealthy
A: beak, talons 3
a: no special abilities


You were on level 1 of the Dungeon.
You were not hungry.

You visited 1 branch of the dungeon, and saw 1 of its levels.

You collected 12 gold pieces.


Innate Abilities, Weirdness & Mutations

You have a beak for a mouth.
You have claws for feet.


   Skills:
 - Level 2.1 Dodging
 - Level 2.0 Stealth
 + Level 1.8 Unarmed Combat
 - Level 2.0 Spellcasting
   Level 0.7 Transmutations
 - Level 2.1 Earth Magic


You had 4 spell levels left.
You knew the following spells:

 Your Spells              Type           Power        Failure   Level  Hunger
a - Sandblast             Erth           #.....       12%         1    #......


Dungeon Overview and Level Annotations

Branches:
Dungeon (1/15)

Altars:

Inventory:

Missiles
 b - 40 stones (in hand)
Armour
 c - a +0 robe (worn)
Comestibles
 a - a bread ration
 f - a meat ration
Scrolls
 e - a scroll of remove curse {unknown}
 h - a scroll of fear {unknown}
Potions
 g - a potion of flight {unknown}
Books
 d - a book of Geomancy

   Spells                             Type                      Level
   *Sandblast                         Earth                        1
   Stoneskin                          Transmutation/Earth          2
   Passwall                           Transmutation/Earth          3
   Stone Arrow                        Conjuration/Earth            3
   Petrify                            Transmutation/Earth          4
   Lee's Rapid Deconstruction         Earth                        5

########## . . #.........
#...# ####.........
.#...#########............
.............>......#######
.......#######.#.....#
#.##..#######.##'####
##.......Kg@...##.##########
..........#####.)............
######...# #..............
#.K.# #..............
#########...# #..............
............# #..............
#.#######.#.# ######'########
# #.#.#.# #..#
###.#####.#.#.# ##.# ####


You could see a hobgoblin and a kobold.


Message History

You start resting.
Things that are here:
a goblin corpse; a giant newt corpse
h - a scroll labeled PUMPUZX NABB
Things that are here:
a goblin corpse; a giant newt corpse HP restored.
Key pressed, stopping explore.
There is an open door here.
A goblin comes into view. It is wielding a club.
The goblin shouts!
A goblin is nearby!
A goblin is nearby!
A goblin is nearby!
A goblin is nearby!
A goblin is nearby!
The goblin barely misses you.
You closely miss the goblin. You claw the goblin.
The goblin is heavily wounded.
The goblin hits you with a club.
You closely miss the goblin. You peck the goblin.
You kill the goblin!
You have reached level 2!
No target in view!
Found a stone staircase leading down.
You see here a club.
There is a stone staircase leading down here.
There is an open door here.
Key pressed, stopping explore.
You see here a club.
A kobold comes into view. It is wielding a dagger.
A kobold is nearby!
A kobold is nearby!
A rat and a hobgoblin come into view.
The kobold shouts!
The hobgoblin shouts!
The kobold throws a stone.
The stone hits you but does no damage. The hobgoblin barely misses you.
You see here a stone.
There are monsters nearby!
You closely miss the hobgoblin.
The kobold throws a stone.
The stone closely misses you. The hobgoblin hits you.
You hit the hobgoblin but do no damage. You claw the hobgoblin.
The hobgoblin is severely wounded.
The hobgoblin misses you.
You barely miss the hobgoblin.
The hobgoblin is severely wounded.
The hobgoblin hits you.
* * * LOW HITPOINT WARNING * * *
Unknown command.
You closely miss the hobgoblin.
The hobgoblin is severely wounded.
The hobgoblin completely misses you.
You hit the hobgoblin but do no damage.
The hobgoblin is severely wounded.
The hobgoblin barely misses you.
Unknown command.
You hit the hobgoblin but do no damage.
The hobgoblin is severely wounded.
The kobold hits you but does no damage. The hobgoblin hits you.
* * * LOW HITPOINT WARNING * * *
You are too injured to fight recklessly!
Wield which item (- for none, * to show all)? (? for menu, Esc to quit)
b - 41 stones (in hand)
Casting: Sandblast
Aiming: Sandblast
Aim: a hobgoblin (severely wounded)
The rocky blast hits the hobgoblin.
The hobgoblin is severely wounded.
The hobgoblin hits you.
You die...

Action                   || total
-------------------------++-------
Melee: Unarmed           ||    22
 Cast: Sandblast         ||     5

Vault maps used:
D:1:      dpeg_arrival_renting, serial_bayou_lake_a

Notes
Turn   | Place    | Note
--------------------------------------------------------------
     0 | D:1      | Bloax, the Tengu Earth Elementalist, began the quest for the Orb.
     0 | D:1      | Reached XP level 1. HP: 10/10 MP: 3/3
   135 | D:1      | Reached skill level 1 in Unarmed Combat
   360 | D:1      | Reached XP level 2. HP: 10/15 MP: 5/5
   418 | D:1      | HP: 2/15 [hobgoblin (5)]
   436 | D:1      | Slain by a hobgoblin

Vanquished Creatures
  A bat (D:1)
  2 goblins (D:1)
  A kobold (D:1)
  A giant newt (D:1)
  2 rats (D:1)
7 creatures vanquished.
